 Dungeon Crawl Stone Soup version 0.17-a0-1562-g9b2c768 (webtiles) character file.

3993 George the Carver (level 10, -2/71 HPs)
             Began as a Demonspawn Gladiator on July 20, 2015.
             Slain by a hill giant
             ... wielding a +0 giant spiked club
              (11 damage)
             ... on level 8 of the Dungeon.
             The game lasted 00:19:13 (6496 turns).

George the Carver (Demonspawn Gladiator)            Turns: 6496, Time: 00:19:13

Health: -2/71      AC: 15    Str: 18    XL:     10   Next: 3%
Magic:  10/10      EV: 10    Int: 10    God:
Gold:   2          SH:  0    Dex: 14    Spells: 0 memorised, 9 levels left

rFire  . . .     SeeInvis .     T - +1 scimitar
rCold  . . .     Clarity  .     F - +1 scale mail {rPois}
rNeg   + . .     SustAt   .     (no shield)
rPois  +         Gourm    .     (helmet unavailable)
rElec  .         Spirit   .     W - +1 cloak
rCorr  .         Warding  +     D - +0 pair of gloves
rMut   .         Stasis   .     A - +0 pair of boots
MR     .....                    Z - amulet of warding
Stlth  ..........               (no ring)
                                E - ring of invisibility

@: very slightly contaminated, hasted, very quick, not resistant to hostile
enchantments, extremely unstealthy
A: horns 3, molten scales 2, spiny 2
a: Evoke Invisibility


You were on level 8 of the Dungeon.
You were not hungry.

You visited 1 branch of the dungeon, and saw 8 of its levels.

You collected 2 gold pieces.

Inventory:

Hand weapons
 T - a +1 scimitar (weapon)
Missiles
 d - 5 throwing nets
 w - 5 javelins (quivered)
 z - 10 tomahawks
 L - 2 tomahawks of returning
Armour
 A - a +0 pair of boots (worn)
 D - a +0 pair of gloves (worn)
 F - a +1 scale mail of poison resistance (worn)
 W - a +1 cloak (worn)
Jewellery
 t - an uncursed amulet of resist mutation
 E - a ring of invisibility (left hand)
 R - an uncursed ring of teleportation
 Z - an amulet of warding (around neck)
Magical devices
 S - a wand of flame (46)
 V - a wand of disintegration (8)
 Y - a wand of digging (8)
Scrolls
 o - a scroll of blinking
 p - a scroll of amnesia
 s - 3 scrolls of magic mapping
 u - a scroll of recharging
Potions
 f - 2 potions of curing
 j - 2 potions of brilliance
 G - a potion of heal wounds
 I - 2 potions of invisibility
 K - 5 potions of flight
 M - 2 potions of agility {unknown}
 U - 2 potions of poison {unknown}
 X - a potion of might {unknown}
Comestibles
 e - 6 bread rations
 k - 2 meat rations
 n - 12 fruits
 O - a slice of pizza
 P - a chunk of flesh
 Q - 2 beef jerkies


   Skills:
 + Level 4.0 Fighting
 + Level 12.1 Long Blades
 - Level 1.7 Throwing
 + Level 2.7 Armour
 + Level 4.1 Dodging


You had 9 spell levels left.
You didn't know any spells.

Dungeon Overview and Level Annotations

Branches:
Dungeon (8/15)
 Temple: D:4-7         Lair: D:8-11

Altars:
Sif Muna

Annotations:
D:8 Maurice


Innate Abilities, Weirdness & Mutations

You have a pair of large horns on your head.
You are mostly covered in molten scales (AC +3, EV -1).
You are mostly covered in sharp spines.


Message History

You slash the hill giant!
The hill giant is heavily wounded.
The hill giant is struck by your spines.
The hill giant hits you with a giant spiked club!!
* * * LOW HITPOINT WARNING * * *
A trapdoor spider and an orc come into view.
The trapdoor spider hisses angrily.
The orc shouts!
Found 20 poisoned needles.
Drink which item? (? for menu, Esc to quit)
You feel yourself speed up.
The trapdoor spider bites you but does no damage.
You are very lightly contaminated with residual magic.
A rat comes into view.
You hit the hill giant.
The hill giant is severely wounded.
The trapdoor spider is struck by your spines.
The trapdoor spider bites you.
* * * LOW HITPOINT WARNING * * *
The hill giant hits you with a giant spiked club!
You die...

# .# ## .# ## .# .r
#..# .# #. .......
#.(.#.#o## #......#
#[#.s.##. #......#
#%.#@#.. #......#
#..C##.###......#
#...#.#.##.##......#
#..#.(###.#.##.....####
##.((#
#...#..#.[.....#. #.###
#.#..#..#...#..... .
#..)#.##.#....)....
##...##.##†........
..#####.#.#...t.##.


You could see a hill giant, a trapdoor spider, an orc and a rat.

Vanquished Creatures
  A hill giant (D:7)
  Pikel (D:4)
  An elephant (D:8)
  A wyvern (D:8)
  2 hippogriffs
  An ice beast (D:7)
  An ogre (D:4)
  3 phantoms
  A slave (D:4)
  2 centaurs
  2 crocodiles (D:8)
  Blork the orc (D:6)
  A giant frog (D:5)
  3 killer bees (D:7)
  2 scorpions
  2 crimson imps
  3 hounds
  4 orc priests
  A giant frog skeleton (D:7)
  2 jellies
  9 orc wizards
  Terence (D:3)
  4 iguanas
  5 worker ants
  A hound skeleton (D:7)
  4 gnolls (D:5)
  Robin (D:4)
  12 adders
  2 shadow imps
  An ooze (D:5)
  2 worms
  7 giant geckos
  29 orcs
  8 bats
  4 giant cockroaches
  11 hobgoblins
  2 quokkas
  2 ball pythons (D:4)
  6 giant newts
  15 goblins
  12 jackals
  A jackal skeleton (D:4)
  A jackal zombie (D:7)
  12 kobolds
  11 rats
198 creatures vanquished.

Notes
Turn   | Place    | Note
--------------------------------------------------------------
     0 | D:1      | George the Demonspawn Gladiator began the quest for the Orb.
     0 | D:1      | Reached XP level 1. HP: 16/16 MP: 1/1
   149 | D:1      | Reached skill level 3 in Long Blades
   374 | D:1      | Gained mutation: You have a pair of small horns on your head. [demonic ancestry]
   374 | D:1      | Reached XP level 2. HP: 17/22 MP: 2/2
  1140 | D:2      | Gained mutation: You are partially covered in sharp spines. [demonic ancestry]
  1140 | D:2      | Reached XP level 3. HP: 22/27 MP: 3/3
  1254 | D:2      | Reached skill level 4 in Long Blades
  1698 | D:3      | Gained mutation: You are partially covered in molten scales (AC +1). [demonic ancestry]
  1698 | D:3      | Reached XP level 4. HP: 19/33 MP: 4/4
  1998 | D:3      | Noticed Terence
  2005 | D:3      | Killed Terence
  2005 | D:3      | Reached skill level 5 in Long Blades
  2085 | D:3      | Gained mutation: You are mostly covered in molten scales (AC +3, EV -1). [demonic ancestry]
  2085 | D:3      | Reached XP level 5. HP: 35/38 MP: 5/5
  2467 | D:4      | Noticed a slave
  2468 | D:4      | Noticed Pikel
  2473 | D:4      | Noticed a slave
  2474 | D:4      | Noticed a slave
  2475 | D:4      | Killed a slave
  2482 | D:4      | Killed Pikel
  2482 | D:4      | Reached skill level 7 in Long Blades
  2482 | D:4      | Gained mutation: You have a pair of horns on your head. [demonic ancestry]
  2482 | D:4      | Reached XP level 6. HP: 44/44 MP: 6/6
  2482 | D:4      | Reached XP level 7. HP: 50/50 MP: 7/7
  2484 | D:4      | Noticed a freed slave
  2524 | D:4      | Reached skill level 8 in Long Blades
  2636 | D:4      | Noticed a phantom
  2654 | D:4      | Killed a phantom
  2719 | D:4      | Noticed Robin
  2729 | D:4      | Killed Robin
  3036 | D:4      | Reached skill level 9 in Long Blades
  3036 | D:4      | Gained mutation: You are mostly covered in sharp spines. [demonic ancestry]
  3036 | D:4      | Reached XP level 8. HP: 56/56 MP: 8/8
  3413 | D:5      | Entered Level 5 of the Dungeon
  4003 | D:5      | Reached skill level 10 in Long Blades
  4063 | D:6      | Noticed Blork the orc
  4072 | D:6      | Killed Blork the orc
  4681 | D:6      | Reached skill level 11 in Long Blades
  4681 | D:6      | Reached XP level 9. HP: 49/61 MP: 9/9
  5281 | D:7      | Got a blackened quarterstaff
  5306 | D:7      | Identified the +4 quarterstaff "Luaxapteto" {drain, Str-5 Dex+2 SInv} (You found it on level 7 of the Dungeon)
  5488 | D:7      | Noticed a hill giant
  5804 | D:7      | Killed a hill giant
  5804 | D:7      | Reached skill level 1 in Armour
  5898 | D:7      | Found a deep blue altar of Sif Muna.
  6219 | D:8      | Noticed Maurice
  6252 | D:8      | Reached skill level 12 in Long Blades
  6341 | D:8      | Noticed an elephant
  6367 | D:8      | Killed an elephant
  6474 | D:8      | Gained mutation: You have a pair of large horns on your head. [demonic ancestry]
  6474 | D:8      | Reached XP level 10. HP: 66/71 MP: 10/10
  6488 | D:8      | Noticed a hill giant
  6496 | D:8      | Slain by a hill giant

Vault maps used:
D:1:      dpeg_arrival_lava_altar, fountainhead, minmay_misc_feat_five
D:3:      minmay_crystal_water, roderic_serpentine_path, corner_web_ring,
          uniq_terence
D:4:      minmay_misc_feat_hallway, hangedman_decor_push, uniq_pikel, uniq_robin
D:5:      first_bread, nrook_mini_vaults, item_on_display_a
D:6:      minmay_temple_entry_from_below_a, uniq_blork_the_orc
D:7:      lemuel_blue_sif_altar
D:8:      minmay_ornate_pinched, grunt_temple_overflow_diamond,
          david_lair_generic, serial_shops, kennysheep_mini, uniq_maurice,
          uniq_erica

Action                   |  1- 3 |  4- 6 |  7- 9 | 10-12 || total
-------------------------+-------+-------+-------+-------++-------
Melee: Long sword        |   116 |    41 |   116 |       ||   273
       Scimitar          |       |       |   185 |     7 ||   192
Throw: Javelin           |     2 |     6 |     2 |     3 ||    13
       Throwing net      |       |       |     2 |       ||     2
Evoke: Wand              |       |       |     1 |       ||     1
  Use: Scroll            |       |       |    18 |       ||    18
       Potion            |       |       |     1 |     1 ||     2
 Stab: Sleeping          |     1 |       |       |       ||     1
  Eat: Chunk             |     3 |     2 |    12 |       ||    17
       Fruit             |       |       |     1 |       ||     1
